[Event "*** SCC Grand Prix: Titled Tuesday Blitz"]
[Site "Chess.com"]
[Date "2020.08.11"]
[Round "4"]
[White "MartinMatthiesen"]
[Black "hongnhung1234"]
[Result "0-1"]
[WhiteElo "2430"]
[BlackElo "2263"]
[TimeControl "180+1"]
[EndTime "10:39:35 PDT"]
[Termination "hongnhung1234 won by checkmate"]

1. d4 Nf6 2. c4 c5 3. d5 b5 4. cxb5 a6 5. bxa6 g6 6. Nc3 Bg7 7. e4 O-O 8. a7 Rxa7 9. Nf3 d6 10. Be2 Ba6 11. O-O Qa5 12. Nd2 Bxe2 13. Qxe2 Nbd7 14. a4 Rb8 15. Ra3 Qb4 16. Rb3 Qa5 17. Rxb8+ Nxb8 18. Nc4 Qb4 19. Bd2 Rb7 20. Ra1 Nbd7 21. a5 Ne5 22.
Nxe5 dxe5 23. Ra2 Ra7 24. Nb5 Qb3 25. Nxa7 Qxa2 26. f3 Qxb2 27. Kf1 c4 28. Be1 c3 29.
Qc4 c2 30. Bd2 h5 31. Nc6 Kh7 32. a6 Bh6 33. Nb4 Bxd2 34. Nxc2 Qc1+ 35. Ke2 Ba5 36.
a7 Qd2+ 37. Kf1 Qc1+ 38. Kf2 Be1+ 39. Ke2 Qd2+ 40. Kf1 Qf2# 0-1

[Event "*** SCC Grand Prix: Titled Tuesday Blitz"]
[Site "Chess.com"]
[Date "2020.08.11"]
[Round "4"]
[White "jamalm2"]
[Black "Resignify"]
[Result "0-1"]
[WhiteElo "1837"]
[BlackElo "2201"]
[TimeControl "180+1"]
[EndTime "10:39:36 PDT"]
[Termination "Resignify won on time"]

1. e4 d6 2. d4 Nf6 3. Nc3 g6 4. h3 Bg7 5. Bf4 c6 6. Nf3 Qa5 7. Qd2 Nbd7 8. Be2 O-O 9. O-O e5 10. dxe5 dxe5 11. Bh6 Re8 12. Bxg7 Kxg7 13. Qg5 h6 14. Qg3 Nh5 15. Qh2 Qb4 16. Nh4 Nf4 17. Qg3 Nf8 18. Bf3 Qxb2 19. Ne2 Nxe2+ 20. Bxe2 Qxc2 21. Bf3 Qd2 22. Nf5+ Bxf5 23. exf5 Qf4 24. fxg6 fxg6 25. Rae1 Rad8 26. Bg4 Qxg3 27. fxg3 h5 28.
Bd1 Nd7 29. Bb3 Nf6 30. g4 hxg4 31. hxg4 Nd5 0-1

[Event "*** SCC Grand Prix: Titled Tuesday Blitz"]
[Site "Chess.com"]
[Date "2020.08.11"]
[Round "4"]
[White "Donskov_AN"]
[Black "adotand"]
[Result "1-0"]
[WhiteElo "2551"]
[BlackElo "2772"]
[TimeControl "180+1"]
[EndTime "10:39:37 PDT"]
[Termination "Donskov_AN won by resignation"]

1. e4 c5 2. Nf3 Nc6 3. d4 cxd4 4. Nxd4 Nf6 5. Nc3 d6 6. Bc4 e6 7. Be3 a6 8. Qe2 Qc7 9. Bb3 Na5 10. O-O-O b5 11. g4 b4 12. Na4 Nxb3+ 13. axb3 Nd7 14. f3 Nc5 15. Kb1 Bd7 16. h4 Bxa4 17. bxa4 Nxa4 18.
h5 Be7 19. g5 Kd7 20. g6 hxg6 21.
hxg6 fxg6 22. f4 Qa5 23. Qg4 Nc5 24. f5 gxf5 25. exf5 Bf6 26. Nxe6 Nxe6 27. fxe6+ Ke7 28.
Qe4 Qb5 29. Rhe1 Rhc8 30. Bd4 Bxd4 31. Qxd4 Qc6 32. Qxg7+ Kd8 33. e7+ Ke8 34. Rd2 b3 35. cxb3 Rab8 36. Rf2 1-0

[Event "*** SCC Grand Prix: Titled Tuesday Blitz"]
[Site "Chess.com"]
[Date "2020.08.11"]
[Round "4"]
[White "Evachess2006"]
[Black "korkmaz16"]
[Result "0-1"]
[WhiteElo "1639"]
[BlackElo "2346"]
[TimeControl "180+1"]
[EndTime "10:39:39 PDT"]
[Termination "korkmaz16 won on time"]

1. e4 d5 2. exd5 Nf6 3. Nc3 Nxd5 4.
Nf3 Bg4 5. Be2 Nc6 6. Nxd5 Qxd5 7. d3 O-O-O 8. O-O e5 9. Be3 f5 10. Bg5 Be7 11. Bxe7 Nxe7 12. Re1 Rhe8 13. Qd2 e4 14. Ng5 Bxe2 15. Rxe2 h6 16. Nh3 g5 17. Rd1 Nc6 18.
dxe4 Rxe4 19. Qxd5 Rxd5 20. Rxd5 Rxe2 21. g3 f4 22. Rf5 fxg3 23. hxg3 Rxc2 24. Rf6 Rxb2 25. Rxh6 g4 26. Nf4 Ne5 27. Rh8+ Kd7 28. Rh7+ Kc6 29. Rh6+ Kb5 30. Rh5 c5 31. Rxe5 Rxa2 32. Nd3 b6 33. Re7 a5 34. Re3 Rd2 35. Ne5 a4 36. Nxg4 Kb4 37. Ne5 a3 38. Nc6+ Ka4 0-1

[Event "*** SCC Grand Prix: Titled Tuesday Blitz"]
[Site "Chess.com"]
[Date "2020.08.11"]
[Round "4"]
[White "Jumbo"]
[Black "ChessAurochs"]
[Result "0-1"]
[WhiteElo "2861"]
[BlackElo "2566"]
[TimeControl "180+1"]
[EndTime "10:39:40 PDT"]
[Termination "ChessAurochs won by resignation"]

1. d4 Nf6 2. Bf4 d5 3. e3 e6 4. Nf3 Bd6 5. Bg3 O-O 6. c4 c5 7. dxc5 Bxc5 8. Nc3 Nc6 9. a3 a6 10. b4 Ba7 11. c5 a5 12. b5 Ne7 13. b6 Bb8 14. Rc1 Ng6 15. Bd3 Bd7 16. O-O Bxg3 17.
hxg3 Qe7 18. Bxg6 hxg6 19. Qd4 Rfc8 20. Ne5 Qxc5 21. Ne2 Qd6 22. Nf4 Qxa3 23. Rxc8+ Rxc8 24. Ra1 Rc1+ 25. Rxc1 Qxc1+ 26. Kh2 Be8 27. Nfd3 Qc2 28. f3 a4 29. Qb4 Qb3 30. Qd6 a3 31. Nc5 Qb4 32.
Qc7 a2 33. Nxb7 a1=Q 34. Nd6 Qbe1 0-1

[Event "*** SCC Grand Prix: Titled Tuesday Blitz"]
[Site "Chess.com"]
[Date "2020.08.11"]
[Round "4"]
[White "Chessalary"]
[Black "Yashasd1995"]
[Result "0-1"]
[WhiteElo "2287"]
[BlackElo "2512"]
[TimeControl "180+1"]
[EndTime "10:39:40 PDT"]
[Termination "Yashasd1995 won by checkmate"]

1. e4 d5 2. exd5 Nf6 3. Nc3 Nxd5 4. Nxd5 Qxd5 5. Nf3 Nc6 6. Be2 e5 7. d3 Bc5 8. O-O O-O 9. Ng5 h6 10. Bf3 Qd8 11. Ne4 Bb6 12. Be3 Bf5 13. Ng3 Bg6 14. Bxb6 axb6 15. Bxc6 bxc6 16. Qf3 Qd5 17. Qg4 Rxa2 18. c4 Qa5 19. b4 Qa3 20. Rxa2 Qxa2 21.
Nf5 Rd8 22. Ne7+ Kh7 23. Nxc6 Rxd3 24. Nxe5 Rd2 25. Qf4 Qc2 26. h3 c5 27. bxc5 bxc5 28. Nxf7 Rd4 29. Qc7 Rxc4 30. Nd6 Rb4 31. Nf7 Bd3 32.
Ne5 Bxf1 33. Nd7 Qf5 34. Nxc5 Rb1 35. Kh2 Qg6 36. Nd7 Qxg2# 0-1

[Event "*** SCC Grand Prix: Titled Tuesday Blitz"]
[Site "Chess.com"]
[Date "2020.08.11"]
[Round "4"]
[White "amatatanav"]
[Black "Anna_ChessMate"]
[Result "1-0"]
[WhiteElo "2461"]
[BlackElo "2606"]
[TimeControl "180+1"]
[EndTime "10:39:42 PDT"]
[Termination "amatatanav won on time"]

1. e4 c6 2. Nc3 d5 3. Nf3 Bg4 4. d4 dxe4 5. Nxe4 Bxf3 6. Qxf3 Qxd4 7. Be3 Qxb2 8. Bc4 Qb4+ 9. Nd2 Nf6 10. Rb1 Qa5 11.
Rxb7 e6 12. O-O Bd6 13. Ne4 Be5 14. Ng5 O-O 15. Rxf7 Rxf7 16. Bxe6 Nbd7 17. Nxf7 Nf8 18. Bb3 Bc7 19. Ng5+ Kh8 20. Qxc6 Rb8 21. Nf7+ Kg8 22.
Ng5+ Kh8 23. g3 h6 24. Nf7+ Kh7 25. Rd1 Qh5 26. Rd2 Bb6 27. Bxb6 Rxb6 28. Qc3 Ng6 29. Qd3 1-0

[Event "*** SCC Grand Prix: Titled Tuesday Blitz"]
[Site "Chess.com"]
[Date "2020.08.11"]
[Round "4"]
[White "UCantHandleDenker"]
[Black "AGW2016"]
[Result "1-0"]
[WhiteElo "2568"]
[BlackElo "2316"]
[TimeControl "180+1"]
[EndTime "10:39:42 PDT"]
[Termination "UCantHandleDenker won by resignation"]

1. Nf3 Nf6 2. g3 g6 3. Bg2 Bg7 4. O-O O-O 5. c4 d6 6. Nc3 c5 7. d3 Nc6 8. a3 a6 9. Rb1 Rb8 10. b4 cxb4 11. axb4 b5 12. cxb5 axb5 13. Bd2 Bd7 14.
Qc1 d5 15. Bh6 e5 16. Bg5 d4 17. Ne4 Rc8 18. Qd2 Bf5 19. Nc5 Qd6 20. Rfc1 Nd5 21.
Nh4 Be6 22. Nxe6 Qxe6 23. Bxd5 Qxd5 24. Rc5 Qd7 25. Rxb5 Ne7 26. Bxe7 Qxe7 27. Ra5 e4 28. dxe4 Qxe4 29. Qd3 Qb7 30. Rb5 Qa6 31. Rc5 Qe6 32. Rxc8 Rxc8 33. b5 Rc3 34. Qd2 Qe4 35. Rb2 d3 36. exd3 Rxd3 37. Qe2 Qd5 38. Rb1 Rd2 39.
Qe8+ Bf8 40. b6 Qc5 41. Qe3 Qxe3 42. fxe3 Rd8 43. b7 Bd6 44. Nf3 Kf8 45. Nd4 Ke7 46.
Nc6+ 1-0

[Event "*** SCC Grand Prix: Titled Tuesday Blitz"]
[Site "Chess.com"]
[Date "2020.08.11"]
[Round "4"]
[White "DonBroca"]
[Black "KyronGriffith"]
[Result "0-1"]
[WhiteElo "2111"]
[BlackElo "2351"]
[TimeControl "180+1"]
[EndTime "10:39:42 PDT"]
[Termination "KyronGriffith won by resignation"]

1. e4 c6 2. d4 d5 3. Nd2 dxe4 4. Nxe4 Nf6 5. Ng3 h5 6. h4 c5 7. Nf3 Bg4 8. Bb5+ Nc6 9. c4 cxd4 10. Qa4 Bxf3 11.
gxf3 Qc7 12. Bf4 e5 13. Bg5 Nd7 14. O-O-O Nc5 15. Bxc6+ Qxc6 16. Qxc6+ bxc6 17. Rhe1 f6 18. b4 Ne6 19. Bd2 a5 20. f4 axb4 21. fxe5 Rxa2 22. exf6 Kf7 23. fxg7 Bxg7 24. Nf5 Rha8 25. Bxb4 Ra1+ 26. Kd2 R8a2+ 27. Kd3 Nf4+ 28. Ke4 Rxd1 29. Rxd1 Rxf2 30. Nxd4 Ng6 31. Nxc6 Rf4+ 32. Kd5 Rxh4 33. Ne5+ Bxe5 34. Rf1+ Bf4 35. Bd2 Kf6 36. Ke4 Kg5 37. Bxf4+ Rxf4+ 38. Rxf4 Nxf4 39. c5 Ne6 40. Ke5 Nc7 41. Kd6 Na6 42. c6 h4 43. Kd5 h3 44. Kc4 h2 45. Kb5 Nc7+ 46. Kb6 Ne6 47. c7 Nxc7 48. Kxc7 h1=Q 0-1

[Event "*** SCC Grand Prix: Titled Tuesday Blitz"]
[Site "Chess.com"]
[Date "2020.08.11"]
[Round "4"]
[White "IriBu"]
[Black "Dinamo81"]
[Result "1-0"]
[WhiteElo "2488"]
[BlackElo "2639"]
[TimeControl "180+1"]
[EndTime "10:39:43 PDT"]
[Termination "IriBu won on time"]

1. e4 e6 2. d4 d5 3. Nc3 Bb4 4. Ne2 dxe4 5. a3 Bxc3+ 6. Nxc3 Nc6 7. Bb5 Bd7 8. Nxe4 a6 9. Be2 Bc8 10. Be3 Nge7 11. Qd2 Nf5 12. O-O-O b6 13. g4 Nxe3 14. Qxe3 O-O 15. h4 Bb7 16. f3 Ne7 17. Ng5 h6 18. Nh3 Nd5 19. Qf2 c5 20. dxc5 Qc7 21. cxb6 Nxb6 22.
h5 Rfc8 23. Rd2 Nc4 24. Bxc4 Qxc4 25. Kb1 Bd5 26. b3 Rab8 27. Qd4 Qc6 28. Rf1 Bxb3 29.
cxb3 Rxb3+ 30. Rb2 Rxa3 31. g5 Ra4 32. Qd3 Rh4 33.
gxh6 Rxh3 34. Rg1 1-0

[Event "*** SCC Grand Prix: Titled Tuesday Blitz"]
[Site "Chess.com"]
[Date "2020.08.11"]
[Round "4"]
[White "ThePatrick27"]
[Black "ftorodent"]
[Result "0-1"]
[WhiteElo "2470"]
[BlackElo "2654"]
[TimeControl "180+1"]
[EndTime "10:39:43 PDT"]
[Termination "ftorodent won by resignation"]

1. d4 f5 2. c4 Nf6 3. Nc3 e6 4. Nf3 Bb4 5. g3 O-O 6. Bg2 d6 7. O-O Bxc3 8. bxc3 Qe7 9. Ba3 Nbd7 10. Qc2 c5 11. Nd2 Rb8 12. e4 f4 13. e5 dxe5 14. dxc5 Nxc5 15. Rfe1 Qc7 16. Bxc5 Qxc5 17. Nb3 Qxc4 18.
Rxe5 fxg3 19. hxg3 Bd7 20. Rae1 Rfc8 21. R5e3 e5 22.
Rxe5 Qxc3 23. Qxc3 Rxc3 24. Re7 b6 25. Bd5+ Kh8 26. Be6 Bxe6 27. R1xe6 a5 28. Nd4 Rc5 29. Ra7 Rd5 30. Nc6 Rf8 31. Ne5 Ne4 32. Nf7+ Kg8 33. Rxe4 Rxf7 34. Re8+ Rf8 35. Ree7 Rg5 36. Rab7 b5 37.
Kg2 h5 38. f4 Rxf4 39. Kh3 Rf3 40. Kh4 Rfxg3 41. Rxb5 R3g4+ 42. Kh3 Rxb5 0-1

[Event "*** SCC Grand Prix: Titled Tuesday Blitz"]
[Site "Chess.com"]
[Date "2020.08.11"]
[Round "4"]
[White "Enriquack"]
[Black "vpsetter"]
[Result "0-1"]
[WhiteElo "2335"]
[BlackElo "2638"]
[TimeControl "180+1"]
[EndTime "10:39:43 PDT"]
[Termination "vpsetter won by resignation"]

1. e4 c5 2. Nf3 d6 3. d4 cxd4 4. Nxd4 Nf6 5. Nc3 a6 6. Bg5 e6 7. f4 Qc7 8. Qf3 b5 9. Bxf6 gxf6 10. O-O-O b4 11. Nce2 Nd7 12. f5 e5 13. Nb3 a5 14.
Kb1 a4 15. Nd2 h5 16. Nc1 Nc5 17. Nc4 Ba6 18. Ne3 Bb7 19. Nd5 Bxd5 20. Rxd5 b3 21.
cxb3 Bh6 22. Bb5+ Ke7 23. Nd3 axb3 24. Nxc5 bxa2+ 25. Ka1 dxc5 26. Rd7+ Qxd7 27. Bxd7 Kxd7 28. Qd3+ Ke7 29. Qd5 Rhc8 30. Rd1 Kf8 31. Qb7 Rcb8 32. Qd7 Be3 33. Qd6+ Kg7 34. Rd3 Rxb2 0-1

[Event "*** SCC Grand Prix: Titled Tuesday Blitz"]
[Site "Chess.com"]
[Date "2020.08.11"]
[Round "4"]
[White "Unknown_IM"]
[Black "Zmeeed63"]
[Result "0-1"]
[WhiteElo "2390"]
[BlackElo "2205"]
[TimeControl "180+1"]
[EndTime "10:39:45 PDT"]
[Termination "Zmeeed63 won by checkmate"]

1. Nf3 d5 2. d4 Nf6 3. c4 e6 4.
Nc3 c6 5. Bg5 dxc4 6. e4 b5 7.
e5 h6 8. Bh4 g5 9. Nxg5 Nd5 10.
Nf3 Qa5 11. Qd2 Nd7 12. Be2 Bb7 13. O-O Nxc3 14. bxc3 Be7 15. Bxe7 Kxe7 16. Qf4 Qxc3 17. a4 Qc2 18. Rac1 Qxe2 19. Rfe1 Qd3 20. Nd2 Rag8 21. Ne4 Rg6 22. Nd6 Rf8 23. Nxb7 b4 24. Nd6 c3 25.
Rcd1 Qc2 26. Ne4 Qxa4 27. Nc5 Qb5 28. Ne4 c2 29. Ra1 a5 30. Nd6 Qb6 31. Nc4 Qb5 32.
Nxa5 b3 33. Nxb3 Qxb3 34. Ra7 Qd5 35. Qh4+ Rg5 36. Qxh6 Qxg2# 0-1

[Event "*** SCC Grand Prix: Titled Tuesday Blitz"]
[Site "Chess.com"]
[Date "2020.08.11"]
[Round "4"]
[White "wild_cat99"]
[Black "diablanni"]
[Result "1-0"]
[WhiteElo "2625"]
[BlackElo "2332"]
[TimeControl "180+1"]
[EndTime "10:39:47 PDT"]
[Termination "wild_cat99 won on time"]

1. Nf3 c5 2. c4 g6 3. Nc3 Nf6 4.
d4 cxd4 5. Nxd4 Nc6 6. e4 d6 7. Be3 Ng4 8. Bg5 Qb6 9. Be3 Nxe3 10. fxe3 Bg7 11. Nd5 Qa5+ 12. Qd2 Qxd2+ 13. Kxd2 Kd8 14. Kd3 Bd7 15. Be2 Rc8 16. b3 e6 17. Nc3 a6 18. a4 Ke7 19. h4 h5 20. a5 Ne5+ 21. Kc2 Bh6 22. Rh3 Rhd8 23. Na4 Bxa4 24. Rxa4 Rc5 25.
Rb4 Rd7 26. Ra4 Rc8 27. Rb4 Rdc7 28. Kd2 Bg7 29. Bd3 Bf6 30. Nf3 Ng4 31. Ra4 Kf8 32.
Ke2 Bd8 33. Nh2 Ne5 34. Nf3 Nc6 35. b4 Ne7 36. e5 d5 37. c5 Nc6 38. Rh1 Rd7 39. Rd1 Bc7 40. b5 Nxa5 41. b6 1-0

[Event "*** SCC Grand Prix: Titled Tuesday Blitz"]
[Site "Chess.com"]
[Date "2020.08.11"]
[Round "4"]
[White "IMAghasiyevKamal"]
[Black "icychess54"]
[Result "1-0"]
[WhiteElo "2429"]
[BlackElo "2228"]
[TimeControl "180+1"]
[EndTime "10:39:47 PDT"]
[Termination "IMAghasiyevKamal won on time"]

1. e4 c5 2. Nf3 d6 3. d4 cxd4 4. Nxd4 Nf6 5. Nc3 Nc6 6. Bg5 e6 7. Qd2 h6 8. Be3 Ng4 9. Nxc6 bxc6 10. Bf4 e5 11. Bg3 Be7 12. Be2 O-O 13. O-O h5 14. h3 h4 15. Bxh4 Bxh4 16. Bxg4 Bxg4 17. hxg4 Bg5 18. Qd3 Qd7 19. f3 Rfd8 20. Rad1 a5 21. g3 a4 22. Qc4 Qb7 23. b3 axb3 24. axb3 Be3+ 25. Kg2 Bd4 26. Na4 d5 27. Qd3 Rac8 28.
c3 Ba7 29. b4 d4 30. Qc4 dxc3 31. Nxc3 Bd4 32. Ne2 Rb8 33. Rb1 Qb5 34. Rfc1 Qb6 35. Qxc6 Qxc6 36. Rxc6 Be3 37. Rc2 Rb5 38. Nc3 Rb6 39. Nd5 1-0

[Event "*** SCC Grand Prix: Titled Tuesday Blitz"]
[Site "Chess.com"]
[Date "2020.08.11"]
[Round "4"]
[White "Azoulas1"]
[Black "chess_rehab"]
[Result "0-1"]
[WhiteElo "2003"]
[BlackElo "2299"]
[TimeControl "180+1"]
[EndTime "10:39:47 PDT"]
[Termination "chess_rehab won by resignation"]

1. e4 c5 2. Nf3 d6 3. d4 cxd4 4.
Nxd4 Nf6 5. Nc3 g6 6. Be3 Bg7 7. f3 Nc6 8. Qd2 O-O 9. O-O-O d5 10. exd5 Nxd5 11. Nxc6 bxc6 12. Bd4 e5 13. Bc5 Be6 14.
g4 Re8 15. h4 Nxc3 16. Qxc3 Qc7 17. h5 e4 18. Bd4 Qf4+ 19. Kb1 Bxd4 20. Qxd4 Rad8 21.
Qxd8 Rxd8 22. Rxd8+ Kg7 23. fxe4 Qxe4 24. h6+ Kf6 25.
Bg2 Qxg2 26. Rc1 Bxg4 27. Rh8 Bf5 28. Rxh7 g5 29. Rh8 Qh2 30. a4 g4 31. b3 g3 32. Rg8 Bg6 33. Rf1+ Ke7 34. Re1+ Kd7 35. Rd1+ Kc7 36. Rc1 g2 37. h7 Qxh7 38. Ra8 Bxc2+ 39. Kb2 Qd3 40. Rxa7+ Kb6 41. Rxc2 Qxc2+ 42. Kxc2 Kxa7 43. a5 g1=Q 44. Kc3 Qg4 0-1

[Event "*** SCC Grand Prix: Titled Tuesday Blitz"]
[Site "Chess.com"]
[Date "2020.08.11"]
[Round "4"]
[White "Fighter008"]
[Black "zmeeed67"]
[Result "1-0"]
[WhiteElo "2680"]
[BlackElo "2484"]
[TimeControl "180+1"]
[EndTime "10:39:48 PDT"]
[Termination "Fighter008 won by checkmate"]

1. e4 c5 2. Nf3 Nf6 3. e5 Nd5 4. Nc3 Nxc3 5. dxc3 e6 6. Bf4 Nc6 7. Qd2 h6 8. O-O-O Qc7 9. h4 b6 10. h5 Be7 11. Qe2 Bb7 12. Nd2 d5 13. exd6 Bxd6 14.
Bxd6 Qxd6 15. Ne4 Qf4+ 16. Kb1 Rd8 17. Rxd8+ Nxd8 18. Nd2 O-O 19. g3 Qd6 20. Rh4 Nc6 21. Nc4 Qd5 22. Ne3 Qd7 23. Bg2 Rd8 24. Kc1 Ne5 25.
f4 Ba6 26. Qe1 Nc4 27. Rh1 Nxe3 28. Qxe3 Bc4 29. b3 Bb5 30. Bf3 Bc6 31. Rd1 Qe8 32.
Rxd8 Qxd8 33. Bxc6 Qd6 34. Bf3 c4 35. Qd4 Qa3+ 36.
Kb1 cxb3 37. cxb3 Qa5 38. Qd8+ Kh7 39. Qd3+ f5 40. g4 Qc5 41. gxf5 exf5 42. Bd1 a5 43. Bc2 Qg1+ 44. Kb2 Kg8 45. Qxf5 Qf2 46. Qd5+ Kh8 47. Qd8# 1-0

[Event "*** SCC Grand Prix: Titled Tuesday Blitz"]
[Site "Chess.com"]
[Date "2020.08.11"]
[Round "4"]
[White "Duong57"]
[Black "BlackWidow515"]
[Result "1-0"]
[WhiteElo "2334"]
[BlackElo "2100"]
[TimeControl "180+1"]
[EndTime "10:39:49 PDT"]
[Termination "Duong57 won on time"]

1. d4 d5 2. c4 e6 3. Nc3 Nf6 4. cxd5 exd5 5. Bg5 Be7 6. Qc2 Nbd7 7. e3 Nf8 8. Bd3 Ne6 9. Bh4 h6 10. Nge2 b6 11.
Bb5+ Bd7 12. Bxf6 Bxf6 13. Qa4 c5 14. Nxd5 cxd4 15. Nxf6+ gxf6 16. Rd1 Rg8 17. Nxd4 a6 18.
Nxe6 axb5 19. Nc7+ Qxc7 20. Qxa8+ Qc8 21. Qxc8+ Bxc8 22.
O-O Be6 23. b3 Ke7 24. Rd2 Ra8 25. f3 b4 26. Rc1 Ra7 27. e4 Rb7 28. Kf2 Ra7 29.
Ke3 f5 30. e5 h5 31. f4 Ra8 32. Rcc2 Ra7 33. Rd4 Ra5 34. Rxb4 Ra6 35. a4 Bd5 36. Rd2 Be4 37. g3 1-0

[Event "*** SCC Grand Prix: Titled Tuesday Blitz"]
[Site "Chess.com"]
[Date "2020.08.11"]
[Round "4"]
[White "VerdeNotte"]
[Black "abykhovsky"]
[Result "0-1"]
[WhiteElo "2873"]
[BlackElo "2748"]
[TimeControl "180+1"]
[EndTime "10:39:50 PDT"]
[Termination "abykhovsky won by resignation"]

1. e4 c5 2. Nc3 Nc6 3. Bb5 Nd4 4.
Nf3 Nxb5 5. Nxb5 d6 6. d4 cxd4 7. Qxd4 Bd7 8. Nc3 e6 9. O-O Nf6 10. Rd1 Bc6 11. Bf4 e5 12. Nxe5 dxe5 13. Qxe5+ Qe7 14.
Qd4 Qc5 15. Qd3 Be7 16. e5 Nd7 17. Ne4 Qb4 18. c4 O-O 19. a3 Qxb2 20. Rdb1 Bxe4 21. Qxe4 Nc5 22. Rxb2 Nxe4 23. Rxb7 Bc5 24. Kf1 Bxf2 25. Rd1 Bb6 26. Rbd7 h6 27. Rc1 Rfd8 28. Rxd8+ Rxd8 29.
Ke2 g5 30. Kf3 Nc5 31. Be3 Rd3 32. Ke2 Rxe3+ 33. Kxe3 Nb3+ 34. c5 Bxc5+ 35. Rxc5 Nxc5 36. Kd4 Nd7 37. Kd5 Kf8 38. e6 Nf6+ 39. Kd6 fxe6 40.
Kxe6 Ng4 41. h3 Ne3 42. g3 Nc4 43. a4 a5 44. Kd5 Nb6+ 45. Kc5 Nxa4+ 46. Kb5 Nc3+ 47.
Kxa5 Ne4 48. Kb4 Nxg3 49. Kc5 Kf7 50. Kd4 Kf6 51. Ke3 Kf5 52. Kf3 Ne4 53. Ke3 0-1

[Event "*** SCC Grand Prix: Titled Tuesday Blitz"]
[Site "Chess.com"]
[Date "2020.08.11"]
[Round "4"]
[White "talman67"]
[Black "bgfbfbgfbgfgf"]
[Result "0-1"]
[WhiteElo "2485"]
[BlackElo "2680"]
[TimeControl "180+1"]
[EndTime "10:39:50 PDT"]
[Termination "bgfbfbgfbgfgf won by resignation"]

1. e4 e5 2. Nf3 Nc6 3. Bb5 a6 4. Ba4 Nf6 5. O-O Be7 6. Re1 b5 7. Bb3 d6 8. c3 O-O 9. h3 Re8 10. d4 Bb7 11. Nbd2 Bf8 12. a4 h6 13. Bc2 exd4 14. cxd4 Nb4 15. Bb1 c5 16. d5 Nd7 17.
Nf1 f5 18. exf5 Rxe1 19. Qxe1 Bxd5 20. N1h2 Qe8 21. Be3 Nf6 22. Qd1 Qf7 23. axb5 axb5 24. Rxa8 Bxa8 25. Ng4 Be7 26. Bd2 Nbd5 27. Nxf6+ Bxf6 28.
Be4 Bxb2 29. Qb3 Nc7 30. Qc2 Qc4 31. Qxb2 Bxe4 32. f6 Bxf3 33. gxf3 Qd4 34. Bc3 Qd1+ 35. Kg2 Nd5 36. Bd2 Nxf6 37. Bxh6 b4 38. Bg5 Qd4 39.
Qa2+ Qd5 0-1

[Event "*** SCC Grand Prix: Titled Tuesday Blitz"]
[Site "Chess.com"]
[Date "2020.08.11"]
[Round "4"]
[White "kingofthenil"]
[Black "chessfrendz"]
[Result "1-0"]
[WhiteElo "2453"]
[BlackElo "2259"]
[TimeControl "180+1"]
[EndTime "10:39:50 PDT"]
[Termination "kingofthenil won by resignation"]

1. e4 e5 2. Nf3 Nc6 3. Bc4 Bc5 4.
c3 Nf6 5. d3 O-O 6. h3 d6 7.
Bb3 Ne7 8. O-O Ng6 9. d4 Bb6 10.
Re1 Qe7 11. Nbd2 c6 12. Nc4 Bc7 13. Ne3 Nxe4 14. Nc4 d5 15. Ncxe5 Nxe5 16. Nxe5 Qh4 17. Qf3 Be6 18. Bf4 Rae8 19. Nd3 Bxf4 20. Qxf4 Qd8 21. Bc2 f6 22. f3 Ng5 23. h4 Nf7 24. Re2 Bc8 25.
Rae1 Rxe2 26. Rxe2 Re8 27. Rxe8+ Qxe8 28. Kf2 Qd8 29.
Nc5 Qd6 30. Qe3 Kf8 31. Bxh7 b6 32. Nd3 Qe5 33. dxe5 fxe5 34. Nxe5 Nxe5 35. Qxe5 Kf7 36. Bf5 Bxf5 37. Qxf5+ Ke7 38. h5 1-0

[Event "*** SCC Grand Prix: Titled Tuesday Blitz"]
[Site "Chess.com"]
[Date "2020.08.11"]
[Round "4"]
[White "OK97"]
[Black "VladimirBelous"]
[Result "0-1"]
[WhiteElo "2863"]
[BlackElo "2744"]
[TimeControl "180+1"]
[EndTime "10:39:51 PDT"]
[Termination "VladimirBelous won on time"]

1. Nf3 c5 2. c4 g6 3. d4 Bg7 4. e4 Qa5+ 5. Nc3 Nc6 6. d5 Nd4 7. Bd2 d6 8. Nxd4 cxd4 9. Nb5 Qd8 10. Bd3 a6 11. Na3 Nf6 12. O-O O-O 13. b4 Nd7 14. f4 a5 15. bxa5 Nc5 16. Bb4 f5 17. e5 Rxa5 18. Nb5 Ra6 19. Bxc5 dxc5 20. a4 Bd7 21. Qb3 b6 22. Rab1 Kh8 23. Kh1 Ra5 24. Rfe1 e6 25. Nd6 Ra6 26. a5 bxa5 27. Qb7 Ra8 28. dxe6 Bxe6 29. Qc6 g5 30. Nb7 Qc8 31. Qd6 gxf4 32. Nxc5 Re8 33. Nxe6 Rxe6 34. Qxd4 Qd8 35. Qc3 Qc7 36.
Bxf5 Rxe5 37. Rxe5 Qxe5 38. Qf3 Re8 39. Bd3 a4 40. h3 a3 0-1

[Event "*** SCC Grand Prix: Titled Tuesday Blitz"]
[Site "Chess.com"]
[Date "2020.08.11"]
[Round "4"]
[White "Gusarov91"]
[Black "tk22h"]
[Result "1-0"]
[WhiteElo "2646"]
[BlackElo "2383"]
[TimeControl "180+1"]
[EndTime "10:39:51 PDT"]
[Termination "Gusarov91 won by resignation"]

1. d4 Nf6 2. Nf3 g6 3. c4 Bg7 4. Nc3 d5 5. Bf4 O-O 6. Rc1 c6 7. e3 Bg4 8. Qb3 Bxf3 9. Qxb7 Qb6 10. Qxb6 axb6 11. gxf3 e6 12. a3 Nbd7 13. Bd6 Rfe8 14. f4 Bf8 15. Bxf8 Kxf8 16. cxd5 exd5 17. Bg2 b5 18.
Na2 Rac8 19. Nb4 Nb8 20. Nd3 Ne4 21. Bxe4 Rxe4 22. Kd2 f6 23. Ne5 fxe5 24. f3 exf4 25. fxe4 dxe4 26. exf4 Nd7 27. Rhe1 Nf6 28. Rc5 Kf7 29.
Rec1 Rd8 30. Rxc6 Rxd4+ 31. Ke2 Nd5 32. Rf1 Rd3 33. Rc5 b4 34. axb4 Nxb4 35. f5 g5 36. Rc4 Rb3 37. Rxe4 Rxb2+ 38. Ke3 Nd5+ 39. Kd4 Nf6 40. Re6 Rb4+ 41. Kd3 h5 42. Ra1 Rb7 43. Raa6 Nd5 44. Kd4 Ne7 45. f6 Ng6 46. Reb6 Rd7+ 47.
Rd6 Rc7 48. Rac6 Ra7 49. Ra6 Rb7 50. Rd5 Nf4 51. Rf5 Ne6+ 52. Kc3 Rc7+ 53. Kd2 h4 54. Re5 Nc5 55. Rd6 g4 56. Ke1 Rd7 57. Rxd7+ Nxd7 58. Re7+ Kxf6 59. Rxd7 1-0

[Event "*** SCC Grand Prix: Titled Tuesday Blitz"]
[Site "Chess.com"]
[Date "2020.08.11"]
[Round "4"]
[White "Firegrizzly"]
[Black "Manukyan_Artak"]
[Result "1-0"]
[WhiteElo "2549"]
[BlackElo "2327"]
[TimeControl "180+1"]
[EndTime "10:39:51 PDT"]
[Termination "Firegrizzly won on time"]

1. d4 Nf6 2. Bf4 d5 3. e3 Bg4 4.
Nf3 e6 5. Nbd2 c5 6. h3 Bh5 7.
c3 Nc6 8. Be2 Qb6 9. dxc5 Bxc5 10. Nb3 Be7 11. O-O O-O 12. a4 a5 13. Rb1 Bg6 14. Ra1 h6 15. Nfd2 Ne4 16. Ra2 Rac8 17. Bh2 Rfd8 18. Nf3 Bf6 19. Bb5 Nd6 20. Bxd6 Rxd6 21.
Nbd4 Nxd4 22. exd4 Be4 23. Ra3 Qd8 24. Rb3 Rb6 25. Nd2 Bg6 26. Re1 Qd6 27. Nf1 Bd8 28.
Ra3 Bc7 29. Ra1 Qe7 30. Qg4 Qg5 31. Qxg5 hxg5 32. Re2 Bd6 33. Rae1 Rc7 34. f3 Re7 35. Kf2 Kf8 36. Ne3 Bb8 37. g3 Rd6 38. Ng4 Rd8 39. Kg2 Bf5 40. Ne3 Bg6 41. b3 Bd6 42. c4 Bb4 43.
Rd1 dxc4 44. bxc4 Rc7 45. d5 exd5 46. Nxd5 Rcc8 47. g4 f6 48. Kg3 Bf7 49. h4 gxh4+ 50. Kxh4 Bxd5 51. Rxd5 Rxd5 52. cxd5 Rd8 53. Bc4 b6 54. Kh5 Bd6 55. Kg6 Bf4 56. Bb5 Bd6 57. Bc6 Be5 58. Re1 Rd6 59. Rb1 Rd8 60. Rxb6 Bd6 61. Rb7 Be7 62. Ra7 1-0

[Event "*** SCC Grand Prix: Titled Tuesday Blitz"]
[Site "Chess.com"]
[Date "2020.08.11"]
[Round "4"]
[White "ExtremeLearner"]
[Black "canary2016"]
[Result "1-0"]
[WhiteElo "2347"]
[BlackElo "1865"]
[TimeControl "180+1"]
[EndTime "10:39:51 PDT"]
[Termination "ExtremeLearner won by checkmate"]

1. d4 d5 2. Nf3 Nf6 3. g3 g6 4.
Bg2 Bg7 5. O-O O-O 6. c4 c6 7.
a4 dxc4 8. Nbd2 Be6 9. Qc2 Bd5 10.
Nxc4 Bxf3 11. Bxf3 Qxd4 12. Rd1 Qc5 13. Be3 Qb4 14. Bd2 Qc5 15. b4 Qf5 16. Qb3 Qc8 17. Rac1 Nbd7 18. Be3 Rd8 19. Na5 Ne5 20. Rxd8+ Qxd8 21.
Nxb7 Nxf3+ 22. exf3 Qc7 23. Na5 Nd5 24. Qxd5 Rd8 25.
Qxc6 Qb8 26. b5 Qe5 27. Nb7 Rf8 28. Bxa7 Qb2 29. Be3 Be5 30. a5 f5 31. a6 f4 32.
gxf4 Bxf4 33. Qc4+ Kh8 34. Bxf4 e5 35. Bxe5+ Qxe5 36. Qc3 Qxc3 37. Rxc3 Rf5 38. a7 Rxb5 39. a8=Q+ Kg7 40.
Rc7+ Kh6 41. Qf8+ Kh5 42. Rc5+ Rxc5 43. Qxc5+ Kh6 44. Qf8+ Kh5 45. Nd6 g5 46. Nf7 h6 47.
Qxh6# 1-0